 Dungeon Crawl Stone Soup version 0.16.1-2-g95b8d4c (webtiles) character file.

143 Timinator the Skirmisher (level 5, 0/42 HPs)
             Began as a Demonspawn Berserker on Mar 25, 2015.
             Was an Initiate of Gozag.
             Slain by a worker ant (2 damage)
             ... on level 4 of the Dungeon.
             The game lasted 00:08:38 (2437 turns).

Timinator the Skirmisher (Demonspawn Berserker)     Turns: 2437, Time: 00:08:38

Health: 0/42       AC:  5    Str: 18      XL:     5   Next: 4%
Magic:  5/5        EV: 12    Int: 13      God:    Gozag
Gold:   128        SH:  0    Dex: 10 (13) Spells: 0 memorised, 4 levels left

rFire  . . .     SeeInvis .     a - +0 hand axe
rCold  + . .     Clarity  .     k - +2 leather armour {MR+}
rNeg   . . .     SustAb   .     (no shield)
rPois  .         Gourm    .     (helmet restricted)
rElec  .         Spirit   .     (no cloak)
rCorr  .         Warding  .     (no gloves)
rMut   .         Stasis   .     (no boots)
MR     +....                    (no amulet)
Stlth  +.........               (no ring)
                                (no ring)

@: brilliant, lethally poisoned (0 -> -27), somewhat resistant to hostile
enchantments, very unstealthy
A: horns 1, cold resistance 1
a: Potion Petition, Call Merchant, Bribe Branch, Renounce Religion


You were on level 4 of the Dungeon.
You worshipped Gozag.
Gozag was noncommittal.
You were not hungry.

You visited 1 branch of the dungeon, and saw 4 of its levels.

You collected 219 gold pieces.
You paid 91 gold pieces to Gozag.

Inventory:

Hand weapons
 a - a +0 hand axe (weapon)
Armour
 k - a +2 leather armour of magic resistance (worn)
Magical devices
 r - a wand of fire (8)
Scrolls
 d - 2 scrolls of identify {unknown}
 e - a scroll of noise {unknown}
 i - a scroll of immolation {unknown}
 j - a scroll of remove curse {unknown}
 n - a scroll of enchant weapon {unknown}
 o - a scroll of teleportation {unknown}
 p - a scroll of enchant armour {unknown}
Potions
 f - a potion of resistance
 g - 2 potions of lignification {unknown}
 h - a potion of brilliance
 l - 2 potions of poison {unknown}
 m - a potion of haste {unknown}
 q - a potion of cure mutation {unknown}
Comestibles
 c - 2 bread rations


   Skills:
 + Level 4.0 Fighting
 + Level 3.6 Axes
 + Level 1.8 Armour
 + Level 2.9 Dodging
 + Level 0.8 Stealth


You had 4 spell levels left.
You didn't know any spells.

Dungeon Overview and Level Annotations

Branches:
Dungeon (4/15)
 Temple: D:4-7

Altars:
Cheibriados
Elyvilon
Gozag


Innate Abilities, Weirdness & Mutations

You have a pair of small horns on your head.
Your flesh is cold resistant.


Message History

You hit the worker ant.
The worker ant is severely wounded.
* * * LOW HITPOINT WARNING * * *
You feel sick. The worker ant bites you.
* * * LOW HITPOINT WARNING * * *
You are more poisoned.
The worker ant poisons you!
It was a potion of degeneration.
There was something very wrong with that liquid.
You feel clumsy.
* * * LOW HITPOINT WARNING * * *
You feel sick. The worker ant closely misses you.
The worker ant waves its antennae.
The worker ant bites you but does no damage.
It was a potion of brilliance.
You feel clever all of a sudden.
* * * LOW HITPOINT WARNING * * *
You feel sick. The worker ant bites you.
You die...
Your body crumbles into a pile of gold.

#.# .# #.###.##
#.#......
###.#(......
..#.#.....(.
#.#)#.......
#.#.#........
#######a#...#
.......$@.###
...............[.
.........#...##
.........#...#
.....#.### ).#
....#. ..# ## #.
. .. #


You could see a worker ant.

Vanquished Creatures
  Jessica (D:2)
  Terence (D:3)
  5 adders
  An adder skeleton (D:3)
  A giant gecko (D:1)
  An ooze (D:1)
  6 orcs
  3 ball pythons
  2 giant cockroaches
  9 goblins
  9 hobgoblins
  4 kobolds
  8 bats
  3 giant newts
  A quokka (D:3)
  9 rats
64 creatures vanquished.

Notes
Turn   | Place    | Note
--------------------------------------------------------------
     0 | D:1      | Timinator, the Demonspawn Berserker, began the quest for the Orb.
     0 | D:1      | Reached XP level 1. HP: 18/18 MP: 1/1
   147 | D:1      | Gained mutation: Your flesh is cold resistant. [demonic ancestry]
   147 | D:1      | Reached XP level 2. HP: 5/24 MP: 2/2
   756 | D:2      | Acquired Trog's second power
   867 | D:2      | Gained mutation: You have a pair of small horns on your head. [demonic ancestry]
   867 | D:2      | Reached XP level 3. HP: 26/29 MP: 3/3
  1107 | D:2      | Noticed Jessica
  1118 | D:2      | Killed Jessica
  1118 | D:2      | Reached XP level 4. HP: 28/37 MP: 4/4
  1266 | D:2      | Reached skill level 4 in Fighting
  1612 | D:3      | Found an opulent altar of Gozag.
  1641 | D:3      | Fell from the grace of Trog
  1641 | D:3      | Became a worshipper of Gozag Ym Sagoz the Greedy
  1662 | D:3      | Noticed Terence
  1684 | D:3      | Killed Terence
  1985 | D:3      | Found a white marble altar of Elyvilon.
  1985 | D:3      | Found a snail-covered altar of Cheibriados.
  2250 | D:3      | Reached XP level 5. HP: 29/42 MP: 5/5
  2437 | D:4      | HP: 2/42 [poisoned by a worker ant]
  2437 | D:4      | Slain by a worker ant

Action                   |  1- 3 |  4- 6 || total
-------------------------+-------+-------++-------
Melee: Hand axe          |    98 |   123 ||   221
  Use: Potion            |       |     3 ||     3
 Stab: Sleeping          |     2 |       ||     2
  Eat: Chunk             |       |     2 ||     2
       Bread ration      |       |     1 ||     1
